 Dungeon Crawl Stone Soup version 0.22-a0-858-g985ef60 (webtiles) character file.

764945 Amnesiac the Archmage (level 27, -1/215 HPs)
             Began as a Mummy Earth Elementalist on July 27, 2018.
             Was the Champion of Vehumet.
             Killed from afar by an orb of fire (28 damage)
             ... with a bolt of fire
             ... on level 5 of the Realm of Zot.
             The game lasted 03:09:37 (86987 turns).

Amnesiac the Archmage (Mummy Earth Elementalist)   Turns: 86987, Time: 03:09:38

Health: -1/215     AC: 13    Str: 12 (13) XL:     27
Magic:  24/54      EV: 24    Int: 29      God:    Vehumet [******]
Gold:   8612       SH: 11    Dex: 17      Spells: 31/80 levels left

rFire    + + .     SeeInvis .   f - staff of earth
rCold    + + .     Gourm    .   F - +3 buckler {rC+ rF+}
rNeg     + + +     Faith    .   W - +2 robe {rC+ rF+}
rPois    ∞         Spirit   .   Q - +2 helmet
rElec    +         Reflect  .   B - scarf {repulsion}
rCorr    .         Harm     +   c - +2 pair of gloves {Dex+3}
MR       +++++                  P - +2 pair of boots {run}
Stlth    ++........             G - amulet of harm
HPRegen  0.45/turn              h - ring of Liyrch {Wiz rN+ MR+++ Int+3}
MPRegen  0.34/turn              U - ring "Kune" {Fire rElec Int+2}

@: about to teleport, repel missiles, quick
A: no food or potions, fire vulnerability, cold resistance 1, negative energy
resistance 3, torment resistance, unbreathing, in touch with death 2
}: 5/15 runes: serpentine, barnacled, slimy, silver, abyssal
a: Renounce Religion


You were on level 5 of the Realm of Zot.
You worshipped Vehumet.
Vehumet was exalted by your worship.
You were not hungry.

You visited 13 branches of the dungeon, and saw 59 of its levels.
You visited the Abyss 1 time.
You also visited: Labyrinth, Sewer, Bailey and Volcano.

You collected 9731 gold pieces.
You spent 1119 gold pieces at shops.

Inventory:

Missiles
 o - 1349 stones (quivered)
Armour
 c - a +2 pair of gloves of dexterity (worn)
 B - a scarf of repulsion (worn)
 C - the +18 shield of the Gong {rElec rN+ MR+ EV-5}
   (You found it on level 3 of the Elven Halls)

   It affects your evasion (-5).
   It insulates you from electricity.
   It protects you from negative energy.
   It affects your resistance to hostile enchantments.
 F - a +3 buckler of resistance (worn)
 P - a +2 pair of boots of running (worn)
 Q - a +2 helmet (worn)
 W - a +2 robe of resistance (worn)
Magical Staves
 f - an uncursed staff of earth (weapon)
 n - an uncursed staff of energy
Jewellery
 b - the ring "Zugompy" {*Contam rPois rF++ Int+3}
   (You found it on level 3 of the Crypt)

   [ring of poison resistance]

   It affects your intelligence (+3).
   It greatly protects you from fire.
   It protects you from poison.
   It causes magical contamination when unequipped.
 h - the ring of Liyrch (left hand) {Wiz rN+ MR+++ Int+3}
   (You found it on level 4 of the Dungeon)

   [ring of wizardry]

   It improves your spell success rate.
   It affects your intelligence (+3).
   It protects you from negative energy.
   It affects your resistance to hostile enchantments.
 x - the ring of the Commoners {MP+9 SInv}
   (You took it off a deep elf elementalist on level 3 of the Elven Halls)

   [ring of see invisible]

   It affects your magic capacity (+9).
   It lets you see invisible.
 G - an amulet of harm (around neck)
 U - the ring "Kune" (right hand) {Fire rElec Int+2}
   (You found it on level 5 of the Vaults)

   [ring of fire]

   It enhances your fire magic.
   It affects your intelligence (+2).
   It protects you from fire.
   It makes you vulnerable to cold.
   It insulates you from electricity.
Wands
 g - a wand of flame (301)
 i - a wand of iceblast (42)
 p - a wand of acid (30)
 q - a wand of enslavement (22)
 v - a wand of paralysis (54)
 A - a wand of random effects (47)
 H - a wand of clouds (15)
 L - a wand of polymorph (17)
 Z - a wand of digging (27)
Scrolls
 e - 18 scrolls of remove curse {!r}
 j - 7 scrolls of identify {!r}
 k - a scroll of enchant weapon {!r}
 l - 4 scrolls of fog {!r}
 m - 11 scrolls of teleportation {!r}
 r - 5 scrolls of vulnerability {!r}
 t - 7 scrolls of fear {!r}
 u - 6 scrolls of summoning {!r}
 w - 12 scrolls of magic mapping {!r}
 D - 15 scrolls of amnesia {!r}
 J - 3 scrolls of torment {!r}
 K - 3 scrolls of blinking {!r}
Miscellaneous
 z - a lightning rod (4/4)
 E - 8 boxes of beasts
 N - a crystal ball of energy
 S - a lamp of fire
 T - a phial of floods
 V - a sack of spiders
 X - the horn of Geryon


   Skills:
 + Level 17.2 Fighting
 - Level 12.0 Staves
 + Level 15.0 Dodging
 - Level 1.5 Stealth
 - Level 13.0 Shields
 O Level 27 Spellcasting
 - Level 0.7 Transmutations
 O Level 27 Earth Magic
 + Level 14.4 Evocations


You had 31 spell levels left.
You knew the following spells:

 Your Spells              Type           Power        Failure   Level  Hunger
a - Lehudib's Crystal Sp  Conj/Erth      ########..   2%          8    N/A
b - Passwall              Tmut/Erth      ########     0%          2    N/A
c - Sandblast             Erth           ######       0%          1    N/A
d - Lee's Rapid Deconstr  Erth           ########..   0%          5    N/A
e - Shatter               Erth           ########..   1%          9    N/A
h - Summon Butterflies    Summ           #####...     1%          1    N/A
i - Apportation           Tloc           #####.       1%          1    N/A
j - Leda's Liquefaction   Hex/Erth       ########..   1%          4    N/A
k - Iron Shot             Conj/Erth      ########..   1%          6    N/A
m - Borgnjor's Vile Clut  Necr/Erth      #########.   1%          5    N/A
v - Blink                 Tloc           N/A          1%          2    N/A
w - Irradiate             Conj/Tmut      #####.....   1%          5    N/A

Your spell library contained the following spells:

 Spells                   Type           Power        Failure   Level  Hunger
 Cause Fear               Hex            #####.....   2%          4    N/A
 Magic Dart               Conj           ####         1%          1    N/A
 Fireball                 Conj/Fire      ######....   2%          5    N/A
 Conjure Flame            Conj/Fire      ######..     1%          3    N/A
 Bolt of Fire             Conj/Fire      ######....   11%         6    N/A
 Bolt of Cold             Conj/Ice       #####.....   11%         6    N/A
 Lightning Bolt           Conj/Air       #####.....   2%          5    N/A
 Bolt of Magma            Conj/Fire/Erth ########..   1%          5    N/A
 Slow                     Hex            #####...     1%          2    N/A
 Confuse                  Hex            #####...     1%          3    N/A
 Invisibility             Hex            #####...     36%         6    N/A
 Throw Flame              Conj/Fire      ######       1%          2    N/A
 Throw Frost              Conj/Ice       #####.       1%          2    N/A
 Controlled Blink         Tloc           N/A          100%        8    N/A
 Freezing Cloud           Conj/Ice/Air   #####.....   11%         6    N/A
 Mephitic Cloud           Conj/Pois/Air  #####...     1%          3    N/A
 Ring of Flames           Chrm/Fire      ######....   89%         7    N/A
 Venom Bolt               Conj/Pois      #####.....   2%          5    N/A
 Olgreb's Toxic Radiance  Pois           #####...     1%          4    N/A
 Teleport Other           Tloc           #####...     1%          3    N/A
 Bolt of Draining         Conj/Necr      ######....   2%          5    N/A
 Animate Dead             Necr           N/A          2%          4    N/A
 Ozocubu's Refrigeration  Ice            #####.....   11%         6    N/A
 Sticky Flame             Conj/Fire      ######..     1%          4    N/A
 Summon Ice Beast         Ice/Summ       #####...     2%          4    N/A
 Call Imp                 Summ           #####...     1%          2    N/A
 Regeneration             Chrm/Necr      ######....   1%          3    N/A
 Sting                    Conj/Pois      ####         1%          1    N/A
 Tukima's Dance           Hex            #####...     1%          3    N/A
 Summon Demon             Summ           #####.....   8%          5    N/A
 Stone Arrow              Conj/Erth      ######       0%          3    N/A
 Shock                    Conj/Air       ####         1%          1    N/A
 Swiftness                Chrm/Air       #####...     1%          2    N/A
 Recall                   Summ/Tloc      N/A          1%          3    N/A
 Spider Form              Tmut/Pois      #####.....   1%          3    N/A
 Blade Hands              Tmut           #####.....   6%          5    N/A
 Statue Form              Tmut/Erth      ########.    1%          6    N/A
 Ice Form                 Ice/Tmut       #####...     2%          4    N/A
 Dragon Form              Tmut           #####.....   82%         7    N/A
 Death Channel            Necr           ######....   36%         6    N/A
 Airstrike                Air            #####.....   1%          4    N/A
 Flame Tongue             Conj/Fire      #####        1%          1    N/A
 Ignite Poison            Fire/Tmut/Pois ######..     1%          3    N/A
 Sticks to Snakes         Tmut           #####...     1%          2    N/A
 Call Canine Familiar     Summ           #####...     1%          3    N/A
 Ensorcelled Hibernation  Hex/Ice        #####.       1%          2    N/A
 Metabolic Englaciation   Hex/Ice        #####.....   8%          5    N/A
 Dispersal                Tloc           #####.....   36%         6    N/A
 Static Discharge         Conj/Air       #####...     1%          3    N/A
 Corona                   Hex            #####..      1%          1    N/A
 Alistair's Intoxication  Tmut/Pois      #####...     6%          5    N/A
 Simulacrum               Ice/Necr       ######....   36%         6    N/A
 Excruciating Wounds      Chrm/Necr      ######....   8%          5    N/A
 Portal Projectile        Hex/Tloc       #####.       1%          3    N/A
 Petrify                  Tmut/Erth      ########     0%          4    N/A
 Passage of Golubria      Tloc           N/A          2%          4    N/A
 Orb of Destruction       Conj           #####.....   45%         7    N/A
 Tornado                  Air            #####.....   100%        9    N/A
 Summon Hydra             Summ           #####.....   89%         7    N/A
 Shroud of Golubria       Chrm/Tloc      #####.....   1%          2    N/A
 Inner Flame              Hex/Fire       ######..     1%          3    N/A
 Aura of Abjuration       Summ           #####.....   8%          5    N/A
 Beastly Appendage        Tmut           #####.       1%          1    N/A
 Disjunction              Tloc           #####.....   100%        8    N/A
 Iskenderun's Battlesphe  Conj/Chrm      #####...     2%          5    N/A
 Dazzling Spray           Conj/Hex       #####.       1%          3    N/A
 Force Lance              Conj/Tloc      #####...     1%          4    N/A
 Infusion                 Chrm           ####         1%          1    N/A
 Song of Slaying          Chrm           #####...     1%          2    N/A
 Spectral Weapon          Hex/Chrm       #####...     1%          3    N/A
 Dragon's Call            Summ           #####.....   100%        9    N/A
 Spellforged Servitor     Conj/Summ      #####.....   45%         7    N/A
 Summon Mana Viper        Hex/Summ       #####...     8%          5    N/A
 Gell's Gravitas          Tloc           #####.....   1%          3    N/A
 Lesser Beckoning         Tloc           #####.....   1%          3    N/A
 Poisonous Vapours        Pois/Air       #####.       1%          2    N/A
 Ignition                 Fire           ######....   96%         8    N/A

Dungeon Overview and Level Annotations

Branches:
Dungeon (15/15)            Temple (0/1) D:6            Lair (6/6) D:9
 Shoals (4/4) Lair:2        Snake (4/4) Lair:3        Slime (5/5) Lair:6
    Orc (2/2) D:9             Elf (3/3) Orc:2        Vaults (5/5) D:13
  Crypt (3/3) Vaults:2       Tomb (1/3) Crypt:3      Depths (5/5) D:15
   Hell (1/1)                 Dis (0/7) Hell            Geh (0/7) Hell
    Coc (0/7) Hell            Tar (0/7) Hell            Zot (5/5) Depths:5

Altars:
Ashenzari
Cheibriados
Dithmenos
Fedhas
Gozag
Kikubaaqudgha
Makhleb
Nemelex Xobeh
Qazlal
Sif Muna
Trog
Uskayaw
Vehumet
Wu Jian
Xom
Yredelemnul
Zin
The Shining One
Jiyva

Shops:
Orc:2 [*=(   Elf:2 =   Elf:3 (   Shoals:2 *   Shoals:4 =   Vaults:4 [
Depths:5 *

Portals:
Hell: Depths:1 Depths:2 Depths:3 Depths:4 Depths:5
Abyss: Depths:2 Depths:3 Depths:4
Pandemonium: Depths:3 Depths:4
Ziggurat: Depths:2

Annotations:
D:7 2 transporters


Innate Abilities, Weirdness & Mutations

You do not eat or drink.
Your flesh is vulnerable to fire.
You are immune to poison.
Your flesh is cold resistant. (rC+)
You are immune to negative energy. (rN+++)
You are immune to unholy pain and torment.
You can survive without breathing.
You are strongly in touch with the powers of death.


Message History

The orb of fire emits a lurid red light.
Strange energies course through your body.
Your body decomposes!
You feel clumsy.
The orb of fire glows deep purple.
Strange energies course through your body.
Your body decomposes!
You feel dopey.
You hear a deafening roar!
Casting: Lehudib's Crystal Spear (safe; 2% risk of failure)
Confirm with . or Enter, or press ? or * to list all spells.
You feel a surge of power!
The dungeon rumbles!
You kill the tentacled monstrosity!
Vehumet accepts your kill.
You feel your power returning.
You feel your intelligence returning.
Your Fighting skill increases to level 17!
The Orb Guardian is severely wounded.
The orb of fire is moderately damaged.
You kill the Orb Guardian!
Vehumet accepts your kill.
The Killer Klown is heavily wounded.
Ka-crash!
The orb of fire glows red.
Strange energies course through your body.
Your body decomposes!
You feel weakened.
Unknown command.
Casting: Shatter (safe; 1% risk of failure)
Confirm with . or Enter, or press ? or * to list all spells.
You feel a surge of power!
The dungeon rumbles!
You kill the Orb Guardian!
Vehumet accepts your kill.
You kill the Orb Guardian!
Vehumet accepts your kill.
You feel your power returning.
You feel your dexterity returning. Vehumet accepts your kill.
You feel a bit more experienced. Vehumet accepts your kill.
You feel your power returning.
You feel your intelligence returning.
You feel a bit more experienced.
The orb of fire is heavily damaged.
Vehumet accepts your kill.
You feel your power returning.
Your Dodging skill increases to level 15!
You feel a bit more experienced. Vehumet accepts your kill.
You feel your power returning.
You feel your strength returning.
You feel a bit more experienced.
The orb of fire emits a lurid red light.
Strange energies course through your body.
Your body decomposes!
You feel weakened.
A tentacled monstrosity comes into view.
Unknown command.
You found a teleport trap!
The orb of fire glows yellow.
The bolt of fire hits you! You resist.
You die...

....... .....▓▓
....... ......▓
...............▓
...............▓
...............▓
.......§§.......
.....§§^§§§....▓
.....§§§@§§....▓
..*L.§*§§§§....
...X.§*§§§§.X..
..?.*.§§§§§...#
......§§§§..▓##
.........▓▓▓▓
X#▓▓▓▓▓▓▓▓▓▓▓
..## ...#


You could see 2 orbs of fire.

Vanquished Creatures
  the Royal Jelly (Slime:5)
  4 ancient liches
  2 orbs of fire (Zot:5)
  A juggernaut (Depths:5)
  18 greater mummies
  Saint Roka (Depths:4)
  2 curse toes
  Xtahua (Vaults:5)
  A Killer Klown (Zot:5)
  Geryon (Hell)
  the Enchantress (Depths:5)
  Jory (Depths:2)
  A profane servitor (D:3)
  4 golden dragons
  A bone dragon (Abyss:2)
  An electric golem (Zot:5)
  16 tentacled monstrosities
  4 quicksilver dragons
  10 liches
  15 Orb Guardians (Zot:5)
  7 titans
  3 deep elf blademasters
  An Executioner (Abyss:2)
  Gastronok (D:11)
  2 deep elf master archers (Elf:3)
  40 acid blobs
  6 death cobs
  2 tentacled starspawn (Abyss:2)
  14 sphinxes
  4 ancient champions
  Agnes (Snake:2)
  16 storm dragons
  Roxanne (Shoals:3)
  5 draconian monks
  4 tengu reavers (Vaults:5)
  5 revenants
  Donald (Shoals:2)
  14 shadow dragons
  18 azure jellies
  2 draconian knights (Zot:4)
  10 nagarajas (Snake:4)
  Ilsuiw (Shoals:2)
  7 frost giants
  6 deep elf sorcerers
  A balrug (Depths:3)
  2 iron dragons
  2 ghost moths
  8 fire giants
  An orc warlord (Orc:2)
  8 draconian scorchers
  A juggernaut zombie (Hell)
  4 deep elf elementalists (Elf:3)
  13 vault wardens
  Aizul (Snake:2)
  8 reapers
  The ghost of Tiakhlon the Imperceptible, an adept SpEn of Kikubaaqudgha (Shoals:2)
  4 curse skulls
  2 angels
  6 draconian annihilators
  16 ironheart preservers
  A war gargoyle (Vaults:5)
  5 ghouls (Crypt:2)
  25 very ugly things
  7 green draconians
  A caustic shrike skeleton (Depths:3)
  5 spriggan defenders (Depths:5)
  15 stone giants
  An entropy weaver (Vaults:2)
  7 deep elf demonologists
  Nessos (D:13)
  2 bennus (Tomb:1)
  8 vampire knights
  The ghost of Zgarb the Unseen, a journeyman SpAK of Lugonu (Snake:3)
  9 black draconians
  2 lorocyprocas
  8 red draconians
  A spark wasp (shapeshifter) (Vaults:2)
  8 deep elf annihilators
  6 yellow draconians
  7 spark wasps
  6 white draconians
  11 eidola
  11 deep elf death magi
  12 ettins
  4 merfolk javelineers
  The ghost of Vohil the Carver, a journeyman MiFi of Okawaru (Lair:3)
  4 purple draconians
  12 merfolk impalers
  3 blizzard demons
  2 crystal guardians (Abyss:4)
  Snorg (D:10)
  5 mummy priests (Tomb:1)
  Josephine (D:12)
  A quicksilver dragon zombie (Crypt:3)
  8 death oozes
  13 yaktaur captains
  11 ice dragons
  2 great orbs of eyes (shapeshifter)
  15 jiangshi
  3 deep elf high priests
  6 fire dragons
  13 great orbs of eyes
  A quicksilver dragon skeleton (Crypt:3)
  The ghost of Daviar the Fighter, a journeyman BaBe of Trog (D:11)
  6 rakshasas
  12 centaur warriors
  6 spriggan air magi
  Fannar (D:10)
  A monstrous demonspawn (Depths:3)
  31 vault guards
  2 death knights
  20 naga warriors
  3 alligator snapping turtles
  A merfolk avatar (Shoals:4)
  6 hydras
  11 anacondas
  4 merfolk aquamancers (Shoals:4)
  28 dancing weapons
  41 two-headed ogres
  18 ogre magi
  3 deep troll shamans
  9 death yaks
  9 vampire magi
  7 deep troll earth magi
  A satyr (Shoals:2)
  4 tengu warriors
  3 spriggan berserkers
  8 hell hogs
  4 shock serpents
  7 thrashing horrors
  2 titan zombies (Crypt:3)
  3 orc high priests (Orc:2)
  Urug (D:10)
  21 naga sharpshooters
  21 hell knights
  Nergalle (Lair:3)
  A sun demon (Hell)
  27 deep elf knights
  10 soul eaters
  2 salamander mystics
  2 spark wasp zombies (Hell)
  2 spatial maelstroms (Abyss:2)
  4 shadow wraiths
  A fire crab (shapeshifter) (Vaults:2)
  14 sea snakes
  A storm dragon skeleton (Crypt:2)
  6 wretched stars
  35 deep trolls
  An iron troll (Depths:4)
  3 anaconda zombies (Hell)
  2 glowing orange brains
  29 skeletal warriors
  12 unseen horrors
  10 large abominations
  6 wizards
  A swamp dragon (shapeshifter) (Abyss:4)
  10 naga ritualists
  21 phantasmal warriors
  5 flayed ghosts
  An obsidian statue (Shoals:2)
  18 deep elf archers
  7 starcursed masses
  A kraken simulacrum (Shoals:4)
  2 anaconda skeletons
  14 ironbrand convokers
  33 harpies
  3 shadow dragon zombies
  19 orc knights
  An iron giant skeleton (Crypt:2)
  8 mana vipers
  24 necromancers
  70 deep elf magi
  8 shining eyes
  A wolf spider (shapeshifter) (Abyss:4)
  8 wolf spiders
  6 fire giant zombies
  An iron dragon zombie (Crypt:3)
  59 ugly things
  A salamander (shapeshifter) (Depths:1)
  7 orc sorcerers
  13 salamanders
  6 fauns (Shoals:1)
  5 oklob plants (Lair:6)
  15 manticores
  3 frost giant zombies
  3 worldbinders (Abyss:2)
  A faun (shapeshifter) (Vaults:5)
  14 cyclopes
  A stone giant zombie (Hell)
  18 elephants
  2 guardian serpents (shapeshifter)
  12 merfolk sirens
  6 rust devils
  19 moths of wrath
  A black mamba (shapeshifter) (Vaults:1)
  A dire elephant zombie (Crypt:1)
  A fire giant skeleton (Crypt:1)
  An elephant (shapeshifter) (Vaults:5)
  11 naga magi
  2 stone giant skeletons
  27 black mambas
  2 frost giant skeletons
  8 water nymphs
  6 guardian serpents (Snake:4)
  14 vault sentinels
  3 eyes of devastation
  A torpor snail (Lair:4)
  8 smoke demons
  3 centaur skeletons
  Psyche (D:10)
  A molten gargoyle (Hell)
  An orange demon (Abyss:3)
  2 shock serpent skeletons (Crypt:3)
  A yaktaur zombie (Hell)
  A yaktaur (shapeshifter) (Elf:2)
  A green draconian zombie (Crypt:1)
  8 spiny frogs
  4 gargoyles
  2 hellions
  4 efreet
  A torpor snail (shapeshifter) (Depths:1)
  61 yaktaurs
  An emperor scorpion zombie (Crypt:3)
  A catoblepas skeleton (Crypt:2)
  2 komodo dragons (shapeshifter)
  2 rime drakes (shapeshifter)
  A rime drake (Lair:2)
  15 hellwings
  2 ice devils (Hell)
  A tengu conjurer (Depths:1)
  18 freezing wraiths
  6 komodo dragons
  7 red devils
  2 ancient zymes (Abyss:4)
  A silent spectre (Abyss:2)
  A harpy zombie (Crypt:3)
  10 guardian mummies (Tomb:1)
  5 hydra zombies
  A minotaur skeleton (Lab)
  3 meliai (D:15)
  A white draconian skeleton (Crypt:1)
  11 trolls
  5 polar bears
  42 merfolk
  2 meliai (shapeshifter)
  99 slime creatures
  7 raiju
  A raiju (shapeshifter) (D:14)
  A deep troll zombie (Hell)
  A hydra skeleton (Hell)
  6 jumping spiders
  21 blink frogs
  15 hippogriffs
  2 wind drakes (shapeshifter)
  6 wind drakes
  2 ice dragon zombies
  Grinder (D:3)
  13 hornets
  A bog body (Crypt:2)
  A meliai zombie (D:12)
  A hippogriff (shapeshifter) (Elf:3)
  11 dream sheep
  6 ettin zombies
  9 snapping turtles
  A fire dragon zombie (Hell)
  2 ice dragon skeletons
  A spriggan skeleton (Depths:3)
  14 flying skulls
  2 shadows
  2 fire dragon skeletons (Crypt:3)
  3 redbacks (Crypt:3)
  2 redbacks (shapeshifter)
  Sigmund (D:3)
  A dire elephant simulacrum (Hell)
  31 spriggans
  14 water elementals
  2 air elementals
  21 yaks
  17 wraiths
  4 wyverns
  3 basilisks
  4 fire bats (Abyss:2)
  17 fire elementals
  A golden eye (shapeshifter) (D:15)
  A hungry ghost (D:13)
  5 golden eyes (Slime:3)
  A human (D:13)
  An elf skeleton (Depths:3)
  6 ushabtiu
  A hog (shapeshifter) (Depths:2)
  2 chaos spawn
  A human zombie (Hell)
  Edmund (D:6)
  3 insubstantial wisps (Abyss:2)
  8 wargs
  A warg (shapeshifter) (Vaults:1)
  2 spatial vortices (Abyss:2)
  3 soldier ants
  19 water moccasins
  A spiny frog zombie (Hell)
  A hydra simulacrum (Crypt:1)
  61 nagas
  18 hell hounds
  A spiny frog skeleton (Hell)
  2 floating eyes
  A merfolk skeleton (Crypt:2)
  A deep troll skeleton (Crypt:2)
  2 sky beasts
  11 porcupines
  A faun skeleton (Crypt:2)
  40 orc warriors
  2 ice beasts
  4 phantoms
  2 lindwurm zombies
  3 necrophages
  An alligator simulacrum (Hell)
  6 black bears
  8 eyes of draining
  An ogre (shapeshifter) (D:12)
  60 ogres
  An ice dragon simulacrum (Crypt:2)
  21 centaurs
  A boggart (shapeshifter) (Elf:3)
  8 boggarts
  30 wolves
  A rime drake zombie (Crypt:1)
  6 crocodiles
  2 snapping turtle skeletons
  A swamp dragon skeleton (Crypt:3)
  A crocodile (shapeshifter) (Depths:1)
  A fire crab zombie (Crypt:2)
  7 earth elementals
  3 big kobolds
  Blork the orc (D:4)
  15 bullfrogs
  4 scorpions
  17 small abominations
  6 wyvern skeletons
  A human simulacrum (Vaults:3)
  A tengu zombie (Hell)
  2 elf simulacra
  53 killer bees
  A spectral wolf (Depths:2)
  10 wights
  4 electric eels
  3 howler monkeys
  6 crimson imps
  5 centaur zombies
  5 hounds
  3 quasits
  10 jellies
  A bullfrog skeleton (D:11)
  13 orc priests
  25 orc wizards
  4 iron imps
  5 iguanas
  Natasha (thrice) (D:4)
  16 worker ants
  A felid zombie (Crypt:1)
  2 hound skeletons (D:5)
  17 mummies
  2 worker ant zombies
  A howler monkey skeleton (D:11)
  4 gnolls (D:4)
  17 adders
  An ogre simulacrum (Hell)
  7 river rats (D:6)
  A shadow imp (D:14)
  An ufetubus (Abyss:2)
  11 oozes
  An adder zombie (D:1)
  An adder skeleton (D:2)
  10 worms
  4 dart slugs
  4 leopard geckos
  137 orcs
  14 bats
  8 giant cockroaches
  4 goblins
  8 hobgoblins
  6 jackals
  20 kobolds
  8 quokkas
  6 ball pythons
  6 frilled lizards
  A giant cockroach zombie (D:1)
  A jackal skeleton (D:5)
  A jackal zombie (D:7)
  A leopard gecko zombie (Crypt:2)
  21 rats
  A rat zombie (Crypt:2)
  12 fungi
  2 lurking horrors (Abyss:4)
  85 plants
  20 withered plants (Crypt:3)
3202 creatures vanquished.

Vanquished Creatures (others)
  A minotaur (Lab)
  A naga sharpshooter (Snake:4)
  An unseen horror (D:12)
  A cyclops (Orc:1)
  2 small abominations (Abyss:2)
  2 centaurs
  An orc wizard (Orc:2)
  An orc (Orc:2)
  A bush (Lair:4)
  36 fungi
  A lurking horror (Abyss:2)
  37 plants
  2 starspawn tentacles (Abyss:2)
  2 withered plants (Crypt:3)
89 creatures vanquished.

Grand Total: 3291 creatures vanquished

Notes
Turn   | Place    | Note
-------+----------+-------------------------------------------
     0 | D:1      | Amnesiac the Mummy Earth Elementalist began the quest for the Orb.
     0 | D:1      | Reached XP level 1. HP: 13/13 MP: 4/4
   330 | D:1      | Reached XP level 2. HP: 19/19 MP: 2/5
   627 | D:3      | Learned a level 2 spell: Passwall
   760 | D:4      | Found a transporter.
   778 | D:4      | Noticed an electric eel
   779 | D:4      | Noticed an electric eel
   779 | D:4      | Noticed an electric eel
  1185 | D:4      | Killed an electric eel
  1185 | D:4      | Reached XP level 3. HP: 24/24 MP: 8/8
  1208 | D:4      | Reached XP level 4. HP: 30/30 MP: 9/9
  1210 | D:4      | Reached XP level 5. HP: 35/35 MP: 9/11
  1216 | D:4      | Found a transporter.
  1223 | D:4      | Got a wavering granite ring
  1224 | D:4      | Identified the ring of Liyrch {Wiz rN+ MR+++ Int+3} (You found it on level 4 of the Dungeon)
  1402 | D:4      | Noticed a crocodile
  1410 | D:4      | Learned a level 5 spell: Lee's Rapid Deconstruction
  1415 | D:4      | Learned a level 4 spell: Petrify
  1722 | D:4      | Noticed Blork the orc
  1734 | D:4      | Killed a crocodile
  1941 | D:4      | Killed Blork the orc
  1941 | D:4      | Reached skill level 5 in Earth Magic
  1941 | D:4      | Reached XP level 6. HP: 34/41 MP: 4/13
  2135 | D:4      | Reached skill level 5 in Spellcasting
  2226 | D:4      | Noticed Natasha
  2235 | D:4      | Killed Natasha
  2446 | D:4      | Noticed Natasha
  2448 | D:4      | Killed Natasha
  2573 | D:4      | Found a shattered altar of Ashenzari.
  2802 | D:4      | Found a transporter.
  2845 | D:4      | Found a transporter.
  2984 | D:4      | Noticed Natasha
  2989 | D:4      | Killed Natasha
  3170 | D:4      | Found a shattered altar of Ashenzari.
  3291 | D:5      | Entered Level 5 of the Dungeon
  3312 | D:5      | Learned a level 3 spell: Stone Arrow
  3371 | D:5      | Reached XP level 7. HP: 46/46 MP: 5/15
  3555 | D:5      | Found a hide-covered altar of Uskayaw.
  3555 | D:5      | Noticed a dagger
  3555 | D:5      | Noticed a hand axe
  4646 | D:5      | Found a deep blue altar of Sif Muna.
  5145 | D:5      | Found a snail-covered altar of Cheibriados.
  5218 | D:6      | Reached skill level 1 in Shields
  5218 | D:6      | Reached XP level 8. HP: 18/52 MP: 13/18
  5336 | D:6      | Noticed Edmund
  5384 | D:6      | Found a radiant altar of Vehumet.
  5405 | D:6      | Found a staircase to the Ecumenical Temple.
  5542 | D:6      | Became a worshipper of Vehumet
  5561 | D:6      | Found a glowing drain.
  5565 | Sewer    | Entered a sewer
  5917 | Sewer    | Reached * piety under Vehumet
  5917 | Sewer    | Offered knowledge of Sting by Vehumet.
  6422 | D:6      | Got a polished leather armour
  6581 | D:6      | Killed Edmund
  6987 | D:6      | Reached ** piety under Vehumet
  6995 | D:6      | Offered knowledge of Searing Ray by Vehumet.
  7856 | D:2      | Found a shimmering altar of Xom.
  7864 | D:2      | Offered knowledge of Static Discharge by Vehumet.
  8020 | D:2      | Reached *** piety under Vehumet
  8192 | D:2      | Identified the cursed +1 leather armour "Viybeatz" {Dex+5 Slay+2} (You found it on level 6 of the Dungeon)
  8233 | D:3      | Found a shattered altar of Ashenzari.
  8461 | D:3      | Found a blossoming altar of Fedhas.
  8467 | D:3      | Noticed Sigmund
  8471 | D:3      | Killed Sigmund
  8471 | D:3      | Reached XP level 9. HP: 57/57 MP: 10/21
  8473 | D:3      | Offered knowledge of Force Lance by Vehumet.
  8529 | D:3      | Found a basalt altar of Yredelemnul.
  8531 | D:3      | Noticed a profane servitor
  8538 | D:3      | Found a glowing golden altar of the Shining One.
  8538 | D:3      | Noticed Grinder
  8540 | D:3      | Noticed an angel
  8546 | D:3      | Killed Grinder
  8675 | D:3      | Found a stormy altar of Qazlal.
  9393 | D:5      | Killed a dagger
  9394 | D:5      | Killed a hand axe
  9466 | D:7      | Found a bloodstained altar of Trog.
  9466 | D:7      | Found a transporter.
  9500 | D:7      | Found an ornate altar of the Wu Jian Council.
  9616 | D:7      | Found a transporter.
  9783 | D:7      | Noticed a troll
  9791 | D:7      | Killed a troll
  9793 | D:7      | Reached XP level 10. HP: 61/63 MP: 15/23
  9885 | D:7      | Reached **** piety under Vehumet
 10151 | D:8      | Offered knowledge of Fulminant Prism by Vehumet.
 10640 | D:8      | Reached skill level 10 in Spellcasting
 10640 | D:8      | Reached skill level 10 in Earth Magic
 10671 | D:9      | Found a staircase to the Orcish Mines.
 10950 | D:9      | Found a shadowy altar of Dithmenos.
 11039 | D:9      | Found a sparkling altar of Nemelex Xobeh.
 11075 | D:9      | Reached ***** piety under Vehumet
 11082 | D:9      | Offered knowledge of Bolt of Fire by Vehumet.
 11216 | D:9      | Found a staircase to the Lair.
 11287 | D:9      | Found a glowing silver altar of Zin.
 11383 | D:10     | Entered Level 10 of the Dungeon
 11400 | D:10     | Noticed a two-headed ogre
 11403 | D:10     | Killed a two-headed ogre
 11474 | D:10     | Killed an unseen horror
 11582 | D:10     | Noticed a gargoyle
 11621 | D:10     | Killed a gargoyle
 11654 | D:10     | Noticed Snorg
 11663 | D:10     | Killed Snorg
 11663 | D:10     | Reached XP level 11. HP: 68/68 MP: 26/26
 11663 | D:10     | Noticed Psyche
 11665 | D:10     | Killed Psyche
 11682 | D:10     | Noticed Urug
 11686 | D:10     | Killed Urug
 12009 | D:10     | Noticed Fannar
 12022 | D:10     | Killed Fannar
 12344 | D:11     | Noticed a skeletal warrior
 12351 | D:11     | Killed a skeletal warrior
 12358 | D:11     | Noticed a skeletal warrior
 12363 | D:11     | Noticed a skeletal warrior
 12887 | D:11     | Noticed a skeletal warrior
 12888 | D:11     | Killed a skeletal warrior
 12889 | D:11     | Noticed a skeletal warrior
 12891 | D:11     | Killed a skeletal warrior
 12893 | D:11     | Killed a skeletal warrior
 12907 | D:11     | Killed a skeletal warrior
 13089 | D:11     | Noticed a purple ugly thing
 13095 | D:11     | Killed a purple ugly thing
 13600 | D:11     | Noticed an eight-headed hydra
 13605 | D:11     | Killed an eight-headed hydra
 13605 | D:11     | Reached XP level 12. HP: 74/74 MP: 28/28
 13843 | D:11     | Found a runed gate.
 13843 | D:11     | Found a runed gate.
 13843 | D:11     | Found a runed gate.
 13847 | D:11     | Noticed Daviar's ghost (journeyman BaBe)
 13884 | D:11     | Killed Daviar's ghost
 13996 | D:12     | Found a flagged portal.
 13996 | D:12     | Noticed Gastronok
 14005 | Bailey   | Entered a bailey
 14767 | D:12     | Noticed a seven-headed hydra
 14991 | D:11     | Killed Gastronok
 15073 | D:12     | Noticed Josephine
 15178 | D:12     | Killed a seven-headed hydra
 15205 | D:12     | Noticed an eight-headed hydra
 15216 | D:12     | Killed an eight-headed hydra
 15406 | D:12     | Offered knowledge of Iron Shot by Vehumet.
 15437 | D:11     | Learned a level 6 spell: Iron Shot
 15972 | D:12     | Gained mutation: You are in touch with the powers of death. [Mummy growth]
 15972 | D:12     | Reached XP level 13. HP: 79/79 MP: 2/31
 16457 | D:12     | Got a fine ring mail
 16512 | D:12     | Killed Josephine
 16690 | D:12     | Identified the +4 ring mail of Subjectivity {Str+3} (You found it on level 12 of the Dungeon)
 16939 | D:13     | Noticed Nessos
 16943 | D:13     | Killed Nessos
 17243 | D:13     | Offered knowledge of Poison Arrow by Vehumet.
 17715 | D:13     | Reached skill level 15 in Spellcasting
 17715 | D:13     | Reached skill level 15 in Earth Magic
 18029 | D:13     | Found a gate to the Vaults.
 18180 | D:13     | Reached skill level 5 in Dodging
 19355 | D:14     | Learned a level 2 spell: Blink
 19589 | D:15     | Entered Level 15 of the Dungeon
 19593 | D:15     | Reached XP level 14. HP: 74/85 MP: 33/33
 19610 | D:15     | Reached skill level 5 in Shields
 19897 | D:15     | Got an iridescent falchion {antimagic}
 20076 | D:15     | Found a staircase to the Depths.
 21319 | Orc:1    | Entered Level 1 of the Orcish Mines
 21441 | Orc:2    | Entered Level 2 of the Orcish Mines
 21441 | Orc:2    | Found a labyrinth entrance.
 21441 | Orc:2    | Found Goufif's General Store.
 21448 | Lab      | Entered a labyrinth
 21591 | Lab      | Found an exit through the horrors of the Abyss.
 21599 | Lab      | Offered knowledge of Lightning Bolt by Vehumet.
 21685 | Lab      | Reached skill level 1 in Fighting
 21692 | Lab      | Found the ring of Robustness {AC+8}
 21692 | Lab      | Got an opal-studded ring mail
 21692 | Lab      | Got an ancient rapier
 21711 | Lab      | Identified the cursed +2 rapier of Poph {flame, +Rage rN+ Str+5} (You found it in a labyrinth)
 21713 | Lab      | Identified the cursed +0 ring mail of Orthodoxy {rElec rPois rF- Str+7} (You found it in a labyrinth)
 21717 | Orc:2    | Found Jyluroor's Jewellery Boutique.
 21829 | Orc:2    | Found Difrehaf's Antique Weapon Shop.
 21872 | Orc:2    | Noticed an orc warlord
 21883 | Orc:2    | Killed an orc warlord
 22425 | Orc:2    | HP: 2/91 [orc warrior/scimitar (10)]
 22607 | Lair:1   | Entered Level 1 of the Lair of Beasts
 23478 | Lair:1   | Offered knowledge of Spellforged Servitor by Vehumet.
 23512 | Lair:1   | Reached XP level 15. HP: 99/99 MP: 35/35
 24611 | Lair:2   | Found a staircase to the Shoals.
 24793 | Lair:3   | Learned a level 9 spell: Shatter
 25213 | Lair:3   | Found a runed door.
 25213 | Lair:3   | Noticed Vohil's ghost (journeyman MiFi)
 25247 | Lair:3   | Found a staircase to the Snake Pit.
 25384 | Lair:3   | Noticed Nergalle
 25398 | Lair:3   | Killed Nergalle
 25663 | Snake:1  | Entered Level 1 of the Snake Pit
 25768 | Lair:3   | Killed Vohil's ghost
 25951 | Lair:4   | Reached skill level 5 in Fighting
 25968 | Lair:4   | Offered knowledge of Orb of Destruction by Vehumet.
 26196 | Lair:4   | Found a dark tunnel.
 26202 | Volcano  | Entered a volcano
 27433 | Lair:4   | Learned a level 1 spell: Summon Butterflies
 27439 | Lair:4   | Learned a level 1 spell: Apportation
 28450 | Lair:6   | Entered Level 6 of the Lair of Beasts
 28977 | Lair:6   | Found a staircase to the Slime Pits.
 29684 | Lair:6   | Reached XP level 16. HP: 109/109 MP: 18/37
 30219 | Lair:6   | Got an ichor-stained robe
 30221 | Lair:6   | Got a spiked scale mail
 31066 | Lair:6   | Identified the +4 scale mail of Divine Compulsion {rPois SInv} (You found it on level 6 of the Lair of Beasts)
 31078 | Lair:6   | Identified the cursed +0 robe of Watajiu {rPois} (You found it on level 6 of the Lair of Beasts)
 31177 | Slime:1  | Entered Level 1 of the Pits of Slime
 31237 | Lair:6   | Offered knowledge of Ozocubu's Refrigeration by Vehumet.
 32280 | Snake:2  | Noticed Aizul
 32436 | Snake:2  | Killed Aizul
 32752 | Snake:2  | Learned a level 4 spell: Leda's Liquefaction
 32776 | Snake:2  | Noticed Agnes
 32779 | Snake:2  | Killed Agnes
 33202 | Snake:2  | Found a stormy altar of Qazlal.
 33910 | Snake:3  | Noticed Zgarb's ghost (journeyman SpAK)
 33914 | Snake:3  | Killed Zgarb's ghost
 34220 | Snake:3  | Got a faintly humming buckler
 34222 | Snake:3  | Got an ancient flail
 34248 | Snake:3  | Identified the +1 buckler "Imuoph" {*Slow +Fly rN+} (You found it on level 3 of the Snake Pit)
 34370 | Snake:3  | Found a runed gate.
 34370 | Snake:3  | Found a runed gate.
 34370 | Snake:3  | Found a runed gate.
 34372 | Snake:3  | Identified the +7 flail "Nacvizxi" {pain, +Fly rN+ MR- MP+9} (You found it on level 3 of the Snake Pit)
 34593 | Snake:4  | Entered Level 4 of the Snake Pit
 34604 | Snake:4  | Reached XP level 17. HP: 78/115 MP: 34/40
 34619 | Snake:4  | Reached ****** piety under Vehumet
 34773 | Snake:4  | Offered knowledge of Lehudib's Crystal Spear by Vehumet.
 34773 | Snake:4  | Offered knowledge of Fire Storm by Vehumet.
 34773 | Snake:4  | Offered knowledge of Glaciate by Vehumet.
 35641 | Snake:4  | Got a serpentine rune of Zot
 36275 | Shoals:1 | Entered Level 1 of the Shoals
 36623 | Shoals:1 | Reached XP level 18. HP: 109/121 MP: 40/42
 37569 | Shoals:1 | Learned a level 8 spell: Lehudib's Crystal Spear
 37832 | Shoals:2 | Noticed Tiakhlon's ghost (adept SpEn)
 37840 | Shoals:2 | Killed Tiakhlon's ghost
 37851 | Shoals:2 | Noticed Donald
 37854 | Shoals:2 | Killed Donald
 38264 | Shoals:2 | Found Menkywaech's Assorted Antiques.
 38264 | Shoals:2 | Found an opulent altar of Gozag.
 38266 | Shoals:2 | Found a runed gate.
 38266 | Shoals:2 | Found a runed gate.
 38266 | Shoals:2 | Found a runed gate.
 38275 | Shoals:2 | Bought a pair of embroidered gloves for 210 gold pieces
 38275 | Shoals:2 | Bought a scroll labeled RAEMOUKYRUN for 28 gold pieces
 38353 | Shoals:2 | Noticed Ilsuiw
 38356 | Shoals:2 | Killed Ilsuiw
 39267 | Shoals:3 | Noticed Roxanne
 39269 | Shoals:3 | Killed Roxanne
 39277 | Shoals:3 | Identified Roxanne's Catalogue of Transformation (You took it off Roxanne on level 3 of the Shoals)
 39632 | Shoals:4 | Entered Level 4 of the Shoals
 40302 | Shoals:4 | Found Oroy's Jewellery Shop.
 40566 | Shoals:4 | Reached XP level 19. HP: 126/126 MP: 44/44
 40574 | Shoals:4 | Got a barnacled rune of Zot
 41271 | Orc:2    | Found a staircase to the Elven Halls.
 41330 | Orc:2    | Bought a +1 pair of boots of running for 365 gold pieces
 41439 | Orc:2    | Found a burning altar of Makhleb.
 41510 | Orc:2    | Found Rekuewk's Antique Armour Shop.
 42055 | Orc:2    | Bought a glowing robe for 77 gold pieces
 42065 | Orc:2    | Bought a glowing robe for 77 gold pieces
 42065 | Orc:2    | Bought a glowing helmet for 157 gold pieces
 42127 | Elf:1    | Entered Level 1 of the Elven Halls
 42396 | Elf:1    | Identified the Handbook of Combat Magic
 43211 | Elf:2    | Found an ancient bone altar of Kikubaaqudgha.
 43657 | Elf:2    | Found Paepp's Jewellery Shoppe.
 44064 | Elf:2    | Got a scorched morningstar {protect}
 44068 | Elf:2    | Identified the +10 morningstar of the Postmodern Cities {protect, *Slow +Inv Int+4} (You took it off a deep elf mage on level 2 of the Elven Halls)
 44074 | Elf:2    | Found a runed gate.
 44074 | Elf:2    | Found a runed gate.
 44074 | Elf:2    | Found a runed gate.
 44987 | Elf:3    | Identified a paperback manual
 44987 | Elf:3    | Entered Level 3 of the Elven Halls
 45323 | Elf:3    | Reached XP level 20. HP: 133/133 MP: 46/46
 46029 | Elf:3    | Got a warped tin ring
 46109 | Elf:3    | Got a steaming scimitar {slice}
 46115 | Elf:3    | Identified the +1 scimitar of Paohal {slice, *Contam Int+3 Dex+5} (You took it off a deep elf sorcerer on level 3 of the Elven Halls)
 46117 | Elf:3    | Identified the ring of Suitapre {rCorr *Slow rF++ rC+ Stlth+} (You took it off a deep elf master archer on level 3 of the Elven Halls)
 46123 | Elf:3    | Got a warped turquoise ring
 46131 | Elf:3    | Identified the ring of the Commoners {MP+9 SInv} (You took it off a deep elf elementalist on level 3 of the Elven Halls)
 46152 | Elf:3    | Identified Sif Muna's Tome of the Destructive Traveller
 46162 | Elf:3    | Identified Eruat's Guide on Damaging Flames
 46820 | Elf:3    | Got brightly glowing pearl dragon scales
 46821 | Elf:3    | Identified the +6 pearl dragon scales of the Wasteland {+Fly rN+ Dex+3 Stlth-} (You took it off a deep elf blademaster on level 3 of the Elven Halls)
 47040 | Elf:3    | Found Kuankaum's Antique Weapon Boutique.
 47211 | Elf:3    | Found the +18 shield of the Gong {rElec rN+ MR+ EV-5}
 47527 | Vaults:1 | Entered Level 1 of the Vaults
 49846 | D:3      | Killed a profane servitor
 50618 | Slime:2  | Reached XP level 21. HP: 92/138 MP: 7/49
 53388 | Slime:5  | Entered Level 5 of the Pits of Slime
 53659 | Slime:5  | Noticed the Royal Jelly
 54653 | Slime:5  | Found a viscous altar of Jiyva.
 54664 | Slime:5  | Got an iridescent shortbow
 54668 | Slime:5  | Got a slimy rune of Zot
 54711 | Slime:5  | Got a vibrating ruby amulet
 54714 | Slime:5  | Identified the amulet "Qeutops" {+Rage rC+ Dex+3} (You found it on level 5 of the Pits of Slime)
 54716 | Slime:5  | Identified the +6 shortbow of Division {freeze, +Fly rF+ rN+} (You found it on level 5 of the Pits of Slime)
 54773 | Slime:5  | Got an ebony quick blade
 54774 | Slime:5  | Identified the +1 quick blade of Light {pierce, Int+5 Dex+4} (You found it on level 5 of the Pits of Slime)
 55201 | Slime:5  | Identified the Tome of Destructive Darkness
 56510 | Slime:5  | Killed the Royal Jelly
 57593 | Vaults:2 | Reached XP level 22. HP: 89/144 MP: 48/52
 57795 | Vaults:2 | Found a staircase to the Crypt.
 57795 | Vaults:2 | Found a basalt altar of Yredelemnul.
 57796 | Vaults:2 | Found an ancient bone altar of Kikubaaqudgha.
 60308 | Vaults:4 | Found Yzih's Antique Armour Shoppe.
 61294 | Vaults:5 | Entered Level 5 of the Vaults
 61295 | Vaults:5 | Reached XP level 23. HP: 150/150 MP: 53/53
 61299 | Vaults:5 | Noticed Xtahua
 61307 | Vaults:5 | Killed Xtahua
 62579 | Vaults:5 | Reached skill level 1 in Evocations
 63242 | Vaults:5 | Got a slimy lapis lazuli ring
 63243 | Vaults:5 | Identified the ring "Tesk" {rElec rN+ Int-2 Slay+3} (You found it on level 5 of the Vaults)
 63379 | Vaults:5 | Reached XP level 24. HP: 149/163 MP: 50/53
 64068 | Vaults:5 | Got a silver rune of Zot
 64346 | Vaults:5 | Got a blackened ring mail
 64521 | Vaults:5 | Identified the +5 ring mail of Valiance {rElec Dex+6} (You found it on level 5 of the Vaults)
 64536 | Vaults:5 | Got a dazzling dagger
 64537 | Vaults:5 | Identified the +6 dagger of the Orange Skies {flame, Str+2} (You found it on level 5 of the Vaults)
 64542 | Vaults:5 | Got a warped iron ring
 64545 | Vaults:5 | Identified the ring "Kune" {Fire rElec Int+2} (You found it on level 5 of the Vaults)
 64976 | Depths:1 | Entered Level 1 of the Depths
 65135 | Depths:1 | Found a gateway to Hell.
 65160 | Depths:1 | Reached skill level 5 in Evocations
 65314 | Depths:1 | Reached skill level 27 in Spellcasting
 65766 | Depths:1 | Identified Further Progress in Magic
 65779 | Depths:1 | Learned a level 5 spell: Irradiate
 66198 | Depths:2 | Reached skill level 27 in Earth Magic
 66200 | Depths:2 | Reached skill level 1 in Staves
 66521 | Depths:2 | Noticed Jory
 66524 | Depths:2 | Killed Jory
 66777 | Depths:2 | Found a basalt altar of Yredelemnul.
 67218 | Depths:2 | Found a gateway to a ziggurat.
 67240 | Depths:2 | Found a one-way gate to the infinite horrors of the Abyss.
 67318 | Depths:2 | Got a faintly glowing chain mail
 67536 | Depths:2 | Identified the +4 chain mail of Polytheism {Int+2 Dex+6} (You found it on level 2 of the Depths)
 67664 | Depths:3 | Reached XP level 25. HP: 127/173 MP: 46/54
 67991 | Depths:3 | Found a one-way gate leading to the halls of Pandemonium.
 68178 | Depths:3 | Learned a level 5 spell: Borgnjor's Vile Clutch
 68183 | Depths:3 | Reached skill level 5 in Staves
 69226 | Depths:2 | Voluntarily entered the Abyss.
 71054 | Abyss:4  | Found a corrupted altar of Lugonu.
 71068 | Abyss:4  | Got an abyssal rune of Zot
 71282 | Abyss:4  | Reached skill level 10 in Staves
 71367 | Depths:2 | Escaped the Abyss
 71483 | Hell     | Entered the Vestibule of Hell
 71483 | Hell     | Noticed Geryon
 71489 | Hell     | Killed Geryon
 72023 | Hell     | Found a gateway to the freezing wastes of Cocytus.
 72028 | Hell     | Gained mutation: You are strongly in touch with the powers of death. [Mummy growth]
 72028 | Hell     | Reached XP level 26. HP: 181/181 MP: 27/54
 72118 | Hell     | Found a gateway to the decaying netherworld of Tartarus.
 72207 | Hell     | Found a gateway to the ashen valley of Gehenna.
 72396 | Hell     | Found a gateway to the Iron City of Dis.
 73642 | Depths:4 | Reached skill level 10 in Fighting
 73733 | Depths:4 | Noticed Saint Roka
 73737 | Depths:4 | Killed Saint Roka
 74019 | Depths:4 | Identified the Collected Works on Ignition and the Entourage
 74021 | Depths:4 | Identified the Tome of Confrontation and Toxins
 74250 | Depths:5 | Entered Level 5 of the Depths
 74420 | Depths:5 | Noticed the Enchantress
 74421 | Depths:5 | Killed the Enchantress
 74423 | Depths:5 | Found Akabucuh's Assorted Antiques.
 74620 | Depths:5 | Got a glittering amber ring
 74647 | Depths:5 | Identified the ring of Caelemap {rPois rN++ Str+10 Int-3 Dex-2} (You took it off a spriggan air mage on level 5 of the Depths)
 74649 | Depths:5 | Identified the +5 faerie dragon scales {rPois Regen+ rCorr HP+4 Str-2 Dex+4} (You took it off the Enchantress on level 5 of the Depths)
 74682 | Depths:5 | Bought a brightly glowing ivory ring for 205 gold pieces
 74708 | Depths:5 | Identified the ring "Baoz" {rF+ MR+ Stlth+} (You bought it in a shop on level 5 of the Depths)
 74735 | Depths:5 | Noticed a juggernaut
 74746 | Depths:5 | Killed a juggernaut
 75063 | Depths:5 | Found a gate to the Realm of Zot.
 75919 | Crypt:1  | Entered Level 1 of the Crypt
 76003 | Crypt:1  | Reached skill level 10 in Dodging
 76003 | Crypt:1  | Reached skill level 10 in Shields
 76953 | Crypt:2  | Reached XP level 27. HP: 196/196 MP: 50/54
 77646 | Crypt:3  | Entered Level 3 of the Crypt
 78130 | Crypt:3  | Noticed a greater mummy
 78132 | Crypt:3  | Killed a greater mummy
 78133 | Crypt:3  | Found a staircase to the Tomb.
 78479 | Crypt:3  | Reached skill level 10 in Evocations
 78741 | Crypt:3  | Got slimy acid dragon scales
 78786 | Crypt:3  | Identified the cursed +1 acid dragon scales of Untold Secrets {rElec rC+++ rCorr Str-2 Slay-6} (You found it on level 3 of the Crypt)
 78792 | Crypt:3  | Found an ancient bone altar of Kikubaaqudgha.
 78967 | Crypt:3  | Noticed an ancient lich
 78969 | Crypt:3  | Killed an ancient lich
 78995 | Crypt:3  | Got an ichor-stained shortbow
 78998 | Crypt:3  | Identified the +8 shortbow of Ciginnau {velocity, SInv} (You found it on level 3 of the Crypt)
 79486 | Crypt:3  | Got a transparent lapis lazuli ring
 79493 | Crypt:3  | Identified the ring "Zugompy" {*Contam rPois rF++ Int+3} (You found it on level 3 of the Crypt)
 79527 | Tomb:1   | Entered Level 1 of the Tomb of the Ancients
 79565 | Tomb:1   | Noticed a greater mummy
 79565 | Tomb:1   | Noticed a greater mummy
 79565 | Tomb:1   | Noticed a greater mummy
 79568 | Tomb:1   | Killed a greater mummy
 79568 | Tomb:1   | Killed a greater mummy
 79569 | Tomb:1   | Killed a greater mummy
 79644 | Tomb:1   | Got a smoking lead ring
 79645 | Tomb:1   | Identified the ring of Meegg {+Fly SInv Stlth+} (You found it on level 1 of the Tomb of the Ancients)
 79650 | Tomb:1   | Noticed a greater mummy
 79650 | Tomb:1   | Noticed a greater mummy
 79654 | Tomb:1   | Killed a greater mummy
 79655 | Tomb:1   | Killed a greater mummy
 79660 | Tomb:1   | Noticed a greater mummy
 79663 | Tomb:1   | Killed a greater mummy
 79817 | Tomb:1   | Noticed a greater mummy
 79819 | Tomb:1   | Killed a greater mummy
 79823 | Tomb:1   | Noticed a greater mummy
 79978 | Tomb:1   | Killed a greater mummy
 80502 | Tomb:1   | Noticed a greater mummy
 80509 | Tomb:1   | Killed a greater mummy
 80776 | Tomb:1   | Noticed a greater mummy
 80777 | Tomb:1   | Noticed a greater mummy
 80777 | Tomb:1   | Noticed a greater mummy
 80778 | Tomb:1   | Noticed a greater mummy
 80778 | Tomb:1   | Noticed a greater mummy
 80779 | Tomb:1   | Killed a greater mummy
 80779 | Tomb:1   | Killed a greater mummy
 80780 | Tomb:1   | Noticed a greater mummy
 80782 | Tomb:1   | Killed a greater mummy
 80782 | Tomb:1   | Killed a greater mummy
 80782 | Tomb:1   | Noticed a greater mummy
 80783 | Tomb:1   | Killed a greater mummy
 80783 | Tomb:1   | Killed a greater mummy
 80783 | Tomb:1   | Noticed a greater mummy
 80786 | Tomb:1   | Killed a greater mummy
 80789 | Tomb:1   | Killed a greater mummy
 81912 | Zot:1    | Entered Level 1 of the Realm of Zot
 82631 | Zot:1    | Got a warped leather armour
 83691 | Zot:2    | Identified the +2 leather armour of Juzaq {rPois} (You found it on level 1 of the Realm of Zot)
 83993 | Zot:3    | Reached skill level 15 in Fighting
 86380 | Zot:5    | Entered Level 5 of the Realm of Zot
 86958 | Zot:5    | Noticed an ancient lich
 86958 | Zot:5    | Noticed an ancient lich
 86960 | Zot:5    | Killed an ancient lich
 86960 | Zot:5    | Noticed an orb of fire
 86961 | Zot:5    | Killed an ancient lich
 86961 | Zot:5    | Noticed an orb of fire
 86970 | Zot:5    | Killed an orb of fire
 86972 | Zot:5    | Noticed an orb of fire
 86976 | Zot:5    | Killed an orb of fire
 86981 | Zot:5    | Noticed an ancient lich
 86981 | Zot:5    | Noticed an orb of fire
 86981 | Zot:5    | Noticed an orb of fire
 86985 | Zot:5    | Killed an ancient lich
 86985 | Zot:5    | Reached skill level 15 in Dodging
 86987 | Zot:5    | Killed from afar by an orb of fire

Vault maps used:
D:1:      saegor_arrival_fortress
D:2:      xom_teletrap_fun, first_ration, st_stairs_8, minmay_box_of_dots
D:3:      fedhas_altar_1, nicolae_qazlal_style_of_elements,
          grunt_temple_overflow_holy_war, ashenzari_altar_1, uniq_grinder,
          uniq_sigmund
D:4:      gammafunk_steamed_eel, marbit_many_paths, uniq_blork_the_orc,
          uniq_natasha
D:5:      wad_woods_pond, lemuel_doored_altar, dancing_weapons_uskayaw,
          lemuel_blue_sif_altar, kennysheep_generic_room_9
D:6:      lemuel_ratsnest, vehumet_altar_wand_db,
          minmay_temple_entry_junction_2, portal_sewer_entry_d, uniq_edmund
D:7:      gammafunk_cloud_chamber, bloody_trog, old_standard_altar
D:8:      hangedman_pestilent_swarm
D:9:      kennysheep_little_box, nicolae_overflow_crystal_walls,
          nemelex_altar_shiori
D:10:     roderic_filled_cross, uniq_urug, uniq_snorg, uniq_fannar, uniq_psyche
D:11:     ebering_ghost_rock_garden
D:12:     enter_bailey_2, special_room, uniq_josephine, uniq_gastronok
D:13:     grunt_vaults_entry_fortified, minivault_4, uniq_nessos
D:14:     hangedman_decor_diamond_cutter, roderic_roman_lattice
D:15:     gammafunk_enter_depths_forms
Lair:1:   wad_woods_minihive, serial_bayou_shore_a
Lair:2:   minmay_shoals_entry_beasts, grunt_megastairs_3
Lair:3:   dummy_snake_entry, gammafunk_ghost_grave, serial_forest,
          infiniplex_forest_clump_small, infiniplex_forest_clump_medium,
          infiniplex_forest_clump_small, infiniplex_forest_clump_cross,
          infiniplex_forest_straight_2, infiniplex_forest_clump_C,
          lemuel_another_geyser, uniq_nergalle
Lair:4:   nicolae_volcano_entry_s_turn, grunt_forest_large_clearing_hut,
          grunt_megastairs_2, lemuel_fruit_fields
Lair:5:   serial_bayou_pond_c, infiniplex_staircase_pool_2, grunt_megastairs_5
Lair:6:   minmay_lair_end_enchanted_forest, minmay_slime_entry_oklob_open
Shoals:1: hangedman_shoals_cup_caves
Shoals:2: ebering_ghost_gozag, uniq_donald, uniq_ilsuiw
Shoals:3: nicolae_shoals_loop_pool, uniq_roxanne
Shoals:4: shoals_end_grunt_ice, serial_shops, nicolae_shop_statue_plus,
          nicolae_shoals_circle_sea_wall
Snake:2:  basic_altar, uniq_agnes, uniq_aizul
Snake:3:  ebering_ghost_reflecting_pool, spider_trap, nicolae_snake_horde_hoard
Snake:4:  grunt_snake_rune_spirals, grunt_ministairs_1,
          nicolae_snake_single_loop
Slime:2:  nicolae_slime_welcoming_committee
Slime:3:  nicolae_slime_jelly_donut, cheibrodos_slime_lost_civilization_4
Slime:4:  cheibrodos_slime_lost_civilization_7
Orc:2:    grunt_orc_gardens, grunt_orc_garden, grunt_orc_garden,
          grunt_orc_garden, grunt_orc_garden, lab_entry_generic, bloody_makhleb
Elf:1:    elf_arrival_001, serial_glass, glass_columns_b, glass_columns_a,
          glass_columns_a, item_on_display_a, minmay_strange_pillars,
          minmay_elf_annihilation
Elf:2:    basic_altar, serial_shops, nicolae_shop_behind_doors
Elf:3:    elf_hall_gauntlet_wide, serial_shops, nicolae_shop_trees, minivault_4
Vaults:1: vaults_standard_mumra_x, nicolae_vaults_network_barrier,
          ontoclasm_vaults_ring_small, nicolae_vaults_network_quinsquares,
          vaults_room_door_ring, v_misc_18, vaults_room_ringed_pool, v_misc_30,
          vaults_standard_mumra_lines, v_misc_23
Vaults:2: hangedman_vaults_cutoff, nicolae_vaults_circle_grid_b,
          grunt_vaults_bifocal, ontoclasm_vaults_gateway, v_misc_19,
          v_pattern_2, v_misc_33, minmay_crypt_entry_necro_gods,
          grunt_vaults_hallway_short, vaults_room_pools, hangedman_vaults_impose
Vaults:3: nicolae_vaults_inception_scallops, vaults_room_door_hall,
          hangedman_vaults_corner, nicolae_vaults_ring_of_whatevers,
          nicolae_vaults_angled_halls, vaults_standard_mumra_enter_the_diamond
Vaults:4: hangedman_vaults_trim, v_pattern_4, grunt_vaults_trifunnel,
          v_alt_pattern_1, ontoclasm_vaults_chip, nicolae_vaults_shelves_hall,
          v_misc_28, nicolae_vaults_alarming, serial_shops, shop
Vaults:5: serial_shops, uniq_xtahua
Crypt:1:  minmay_strange_pillars
Crypt:3:  evilmike_haunted_forest
Depths:1: lemuel_traditional_vault, hell_entry, bh_walls_and_bars,
          feat_on_display
Depths:2: lemuel_vampire_tower, enter_ziggurat_b, abyss_entry_crystal,
          hell_entry, minmay_misc_feat_tower, infiniplex_staircase_door_maze,
          firewood_loft
Depths:3: kennysheep_spiral_hall, rand_demon_pan_entry_8, hell_entry,
          serial_glass, glass_columns_c, glass_columns_b, abyss_entry
Depths:4: cheibrodos_lost_city_excavation, grunt_hell_horde,
          minmay_misc_feat_nine_boxes, pan_entry, abyss_entry,
          nrook_mini_vaults, uniq_saint_roka
Depths:5: evilmike_zot_entry_round, hangedman_decor_push,
          grunt_hell_entry_dis_grunt, serial_shops,
          nicolae_shop_overgrown_old_shop, minmay_crystal_water,
          serial_bayou_shore_b, uniq_enchantress
Zot:3:    st_stairs_9
Zot:4:    grunt_ministairs_15, basic_stair_grate_trap
Abyss:4:  hangedman_grunt_abyss_rune_horror_hoard, lemuel_flamethrower_3
Lab:      labyrinth_mini_lab, labyrinth_fake_exit, nicolae_lab_flowing_pool
Sewer:    sewer_fruit_machine
Bailey:   bailey_polearm_5, bailey
Volcano:  volcano_village

Skill      XL: |  1  2  3  4  5  6  7  8  9 10 11 12 13 14 15 16 17 18 19 20 21 22 23 24 25 26 27 |
---------------+----------------------------------------------------------------------------------+-----
Earth Magic    | 3 4 5 6 8 9 11 12 14 15 16 18 19 20 21 22 23 24 26 27 | 27.0
Spellcasting   | 3 4 5 6 8 9 11 12 14 15 16 17 19 20 21 22 24 26 27 | 27.0
Shields        | 1 3 4 5 6 7 8 10 13 | 13.0
Dodging        | 2 5 6 7 8 10 15 | 15.0
Fighting       | 3 5 7 8 9 11 17 | 17.2
Evocations     | 3 5 6 9 14 | 14.4
Staves         | 4 12 | 12.0
Stealth        | |  1.5
Transmutations | |  0.7

Action                   |  1- 3 |  4- 6 |  7- 9 | 10-12 | 13-15 | 16-18 | 19-21 | 22-24 | 25-27 || total
-------------------------+-------+-------+-------+-------+-------+-------+-------+-------+-------++-------
Melee: Unarmed           |    16 |       |       |       |       |       |       |       |       ||    16
       Dagger            |    72 |    60 |   138 |     6 |       |       |       |       |       ||   276
       Staff             |       |       |    21 |    13 |    23 |     6 |     6 |    25 |   392 ||   486
       Morningstar       |       |       |       |       |       |       |     3 |       |       ||     3
 Cast: Sandblast         |     9 |    21 |    48 |     8 |    24 |     5 |     5 |       |       ||   120
       Passwall          |     2 |       |    10 |       |    16 |       |     2 |       |    18 ||    48
       Lee's Rapid Decon |       |     4 |    22 |   112 |   295 |    33 |   101 |    19 |    48 ||   634
       Stone Arrow       |       |     1 |   171 |   226 |       |       |       |       |       ||   398
       Petrify           |       |       |     2 |    27 |     9 |     8 |       |       |       ||    46
       Iron Shot         |       |       |       |    25 |   294 |    81 |   153 |       |     1 ||   554
       Blink             |       |       |       |       |     1 |       |     2 |       |       ||     3
       Shatter           |       |       |       |       |       |   234 |   236 |   209 |   306 ||   985
       Lehudib's Crystal |       |       |       |       |       |       |    49 |    95 |   292 ||   436
       Irradiate         |       |       |       |       |       |       |       |       |     1 ||     1
Evoke: Wand              |     8 |     1 |     1 |    19 |     6 |       |     8 |       |     1 ||    44
       Staff of energy   |       |       |       |       |       |       |     2 |       |       ||     2
  Use: Scroll            |       |       |    11 |     4 |    22 |     7 |    34 |    15 |    24 ||   117
 Stab: Sleeping          |     2 |     1 |       |       |       |       |       |       |       ||     3
       Distracted        |       |     1 |       |       |       |       |       |       |     1 ||     2
       Petrified         |       |       |     9 |     3 |       |       |       |       |       ||    12
Armor: Robe              |    11 |     4 |    30 |       |       |       |       |     4 |    64 ||   113
       Leather armour    |       |       |     7 |     6 |       |     3 |    60 |    20 |       ||    96
       Troll leather arm |       |       |       |    18 |    51 |    30 |       |       |       ||    99
Dodge: Dodged            |    31 |    31 |    92 |    46 |   143 |    74 |    89 |    54 |   254 ||   814
       Deflected         |       |       |       |       |       |       |    19 |    16 |    21 ||    56
Block: Buckler           |       |       |    27 |    56 |   112 |    55 |    58 |    32 |   161 ||   501
       Reflection        |       |       |       |    17 |     8 |    10 |       |       |       ||    35
       Shield            |       |       |       |       |       |       |       |    41 |     5 ||    46

Table legend:
 A = Spawn XP
 B = Non-spawn XP
 C = Spawn XP percentage of total XP
 D = Spawn monster count
 E = Non-spawn monster count
 F = Spawn count percentage of total count
 G = Total turns spent on level
                    A         B        C        D         E        F      G
               +---------+---------+-------+---------+---------+-------+---------
         Total |   34002 | 1990726 |   1.7 |      68 |    2981 |   2.2 | 86987
               +---------+---------+-------+---------+---------+-------+---------
           D:1 |       0 |      48 |   0.0 |       0 |      20 |   0.0 |   808
           D:2 |       0 |      94 |   0.0 |       0 |      25 |   0.0 |   896
           D:3 |       0 |    6729 |   0.0 |       0 |      36 |   0.0 |  1105
           D:4 |       0 |     657 |   0.0 |       0 |      21 |   0.0 |  2975
           D:5 |       0 |    2548 |   0.0 |       0 |      31 |   0.0 |  2320
           D:6 |       0 |     927 |   0.0 |       0 |      45 |   0.0 |  1551
           D:7 |       0 |     849 |   0.0 |       0 |      26 |   0.0 |   691
           D:8 |       0 |    1139 |   0.0 |       0 |      22 |   0.0 |   562
           D:9 |       0 |     781 |   0.0 |       0 |      22 |   0.0 |   992
          D:10 |       0 |    6570 |   0.0 |       0 |      23 |   0.0 |  1270
          D:11 |       0 |   12552 |   0.0 |       0 |      51 |   0.0 |  2558
          D:12 |       0 |   11026 |   0.0 |       0 |      58 |   0.0 |  1279
          D:13 |       0 |   18108 |   0.0 |       0 |      46 |   0.0 |  2102
          D:14 |       0 |    4193 |   0.0 |       0 |      18 |   0.0 |  1442
          D:15 |       0 |   19188 |   0.0 |       0 |      43 |   0.0 |  1441
        Lair:1 |       0 |    9672 |   0.0 |       0 |      74 |   0.0 |  1229
        Lair:2 |       0 |    7899 |   0.0 |       0 |      31 |   0.0 |  1451
        Lair:3 |       0 |    6377 |   0.0 |       0 |      18 |   0.0 |  1172
        Lair:4 |       0 |   14101 |   0.0 |       0 |      36 |   0.0 |  1237
        Lair:5 |       0 |    2179 |   0.0 |       0 |      10 |   0.0 |  1283
        Lair:6 |       0 |   25048 |   0.0 |       0 |      92 |   0.0 |  2677
      Shoals:1 |       0 |   19939 |   0.0 |       0 |      37 |   0.0 |  1515
      Shoals:2 |       0 |   21539 |   0.0 |       0 |      36 |   0.0 |   977
      Shoals:3 |       0 |   14144 |   0.0 |       0 |      27 |   0.0 |   875
      Shoals:4 |       0 |   40896 |   0.0 |       0 |      75 |   0.0 |  1038
       Snake:1 |       0 |   12538 |   0.0 |       0 |      27 |   0.0 |  1006
       Snake:2 |       0 |   17444 |   0.0 |       0 |      30 |   0.0 |  1117
       Snake:3 |       0 |   18197 |   0.0 |       0 |      36 |   0.0 |  1572
       Snake:4 |       0 |   70386 |   0.0 |       0 |     113 |   0.0 |  1134
       Slime:1 |       0 |    3325 |   0.0 |       0 |      10 |   0.0 |   478
       Slime:2 |       0 |   17242 |   0.0 |       0 |      25 |   0.0 |   525
       Slime:3 |       0 |    9902 |   0.0 |       0 |      27 |   0.0 |  1090
       Slime:4 |       0 |   23844 |   0.0 |       0 |      28 |   0.0 |  2444
       Slime:5 |       0 |   53656 |   0.0 |       0 |      42 |   0.0 |  1760
         Orc:1 |       0 |     920 |   0.0 |       0 |       7 |   0.0 |   611
         Orc:2 |       0 |   13405 |   0.0 |       0 |      59 |   0.0 |  1378
         Elf:1 |       0 |   20281 |   0.0 |       0 |      30 |   0.0 |  1452
         Elf:2 |       0 |   51218 |   0.0 |       0 |      78 |   0.0 |  1879
         Elf:3 |       0 |   64885 |   0.0 |       0 |      68 |   0.0 |  1953
      Vaults:1 |       0 |   46865 |   0.0 |       0 |      85 |   0.0 |  2156
      Vaults:2 |       0 |   43008 |   0.0 |       0 |      78 |   0.0 |  1346
      Vaults:3 |       0 |   68348 |   0.0 |       0 |      95 |   0.0 |  1868
      Vaults:4 |       0 |   55299 |   0.0 |       0 |      85 |   0.0 |  2975
      Vaults:5 |       0 |  170864 |   0.0 |       0 |     146 |   0.0 |  1645
       Crypt:1 |       0 |   18839 |   0.0 |       0 |      36 |   0.0 |   812
       Crypt:2 |       0 |   43835 |   0.0 |       0 |      54 |   0.0 |   955
       Crypt:3 |       0 |   75602 |   0.0 |       0 |     100 |   0.0 |  2622
        Tomb:1 |       0 |  143917 |   0.0 |       0 |      76 |   0.0 |  1237
      Depths:1 |       0 |   47458 |   0.0 |       0 |      58 |   0.0 |  1783
      Depths:2 |       0 |   64853 |   0.0 |       0 |      95 |   0.0 |  1544
      Depths:3 |       0 |   56593 |   0.0 |       0 |      70 |   0.0 |  1807
      Depths:4 |       0 |   59151 |   0.0 |       0 |      70 |   0.0 |  1114
      Depths:5 |       0 |   72990 |   0.0 |       0 |      56 |   0.0 |  1155
          Hell |       0 |   59365 |   0.0 |       0 |      91 |   0.0 |   908
         Zot:1 |       0 |   31424 |   0.0 |       0 |      15 |   0.0 |  1259
         Zot:2 |       0 |   23022 |   0.0 |       0 |      18 |   0.0 |   815
         Zot:3 |       0 |   71543 |   0.0 |       0 |      40 |   0.0 |  1787
         Zot:4 |       0 |   65097 |   0.0 |       0 |      39 |   0.0 |   607
         Zot:5 |       0 |   99684 |   0.0 |       0 |      28 |   0.0 |   607
       Abyss:1 |     804 |     809 |  49.8 |       2 |       2 |  50.0 |   121
       Abyss:2 |   26266 |   14900 |  63.8 |      45 |      27 |  62.5 |  1462
       Abyss:3 |     601 |    7113 |   7.8 |       1 |      10 |   9.1 |   243
       Abyss:4 |    6331 |   16630 |  27.6 |      20 |      27 |  42.6 |   315
           Lab |       0 |    1970 |   0.0 |       0 |       3 |   0.0 |   269
         Sewer |       0 |      70 |   0.0 |       0 |      25 |   0.0 |   585
        Bailey |       0 |    4008 |   0.0 |       0 |      40 |   0.0 |   739
       Volcano |       0 |    3023 |   0.0 |       0 |       9 |   0.0 |   406
               +---------+---------+-------+---------+---------+-------+---------
